General information
			
			
        
        - name: imma rape u
 
        - type: Custom game
 
        - host: TALONSAREIMBA
 
        - saver: TALONSAREIMBA
 
        
map: TwistedMeadows 
        - players: 2
 
        - length: 24:27
 
        - speed: Fast
 - version: 1.22 W3XP
 - replay type:  Public
 
» download(188 KB)
Players
        team 1 (winner) 
              
              
TALONSAREIMBA (
pink | 136 APM | 3334 actions | 24:27)
              
 5 Death Knight 
 3 Death Coil
 2 Unholy Aura
 4 Firelord 
 2 Soul Burn
 2 Incinerate
 2 Dreadlord 
 1 Sleep
 1 Carrion Swarm
 
                » actions 
                
                | Assign group hotkey | 36 |  | 
| Basic commands | 220 |  | 
| Build / train | 73 |  | 
| ESC pressed | 2 |  | 
| Enter build submenu | 30 |  | 
| Enter hero's abilities submenu | 11 |  | 
| Give item / drop item | 4 |  | 
| Right click | 1516 |  | 
| Select / deselect | 662 |  | 
| Select group hotkey | 696 |  | 
| Use ability | 83 |  | 
                3334 total
 » units 
                
                | Acolyte | 20 |  | 
| Ghoul | 4 |  | 
| Crypt Fiend | 11 |  | 
| Frost Wyrm | 4 |  | 
                39 total
 » upgrades
                
                | Burrow | 1 |  | 
| Web | 1 |  | 
| Banshee Training | 1 |  | 
| Creature Carapace | 1 |  | 
                4 total
 » buildings
                
                | Crypt | 2 |  | 
| Graveyard | 2 |  | 
| Altar of Darkness | 1 |  | 
| Ziggurat | 7 |  | 
| Tomb of Relics | 1 |  | 
| Nerubian Tower | 1 |  | 
| Halls of the Dead | 1 |  | 
| Spirit Tower | 4 |  | 
| Sacrificial Pit | 1 |  | 
| Black Citadel | 1 |  | 
| Boneyard | 3 |  | 
| Temple of the Damned | 1 |  | 
| Necropolis | 1 |  | 
                26 total
 » build order
                00:04 Crypt
00:17 Graveyard
00:40 Altar of Darkness
00:56 Ziggurat
01:22 Tomb of Relics
01:59 Ziggurat
03:46 Nerubian Tower
04:50 Halls of the Dead
05:17 Ziggurat
05:18 Spirit Tower
06:51 Ziggurat
07:50 Sacrificial Pit
08:44 Black Citadel
09:29 Ziggurat
11:21 Boneyard
12:12 Temple of the Damned
12:33 Spirit Tower
13:52 Spirit Tower
14:54 Boneyard
14:58 Boneyard
15:50 Ziggurat
16:01 Graveyard
17:40 Crypt
17:44 Spirit Tower
17:45 Ziggurat
22:57 Necropolis
» items
                
                | Rod of Necromancy | 1 |  | 
| Scroll of Town Portal | 3 |  | 
| Potion of Mana | 3 |  | 
| Potion of Healing | 1 |  | 
| Orb of Corruption | 1 |  | 
                9 total
  
               team 2 (loser) 
              
              
CJAYGETSTAIL (
red | 150 APM | 3661 actions | 24:26)
              
 4 Lich 
 2 Frost Nova
 1 Dark Ritual
 1 Frost Armor
 3 Death Knight 
 2 Death Coil
 1 Unholy Aura
 2 Dreadlord 
 1 Sleep
 1 Vampiric Aura
 
                » actions 
                
                | Assign group hotkey | 48 |  | 
| Basic commands | 158 |  | 
| Build / train | 110 |  | 
| Enter build submenu | 28 |  | 
| Enter hero's abilities submenu | 9 |  | 
| Give item / drop item | 4 |  | 
| Remove unit from queue | 4 |  | 
| Right click | 1249 |  | 
| Select / deselect | 523 |  | 
| Select group hotkey | 1390 |  | 
| Use ability | 138 |  | 
                3661 total
 » units 
                
                | Acolyte | 17 |  | 
| Ghoul | 17 |  | 
| Obsidian Statue | 8 |  | 
| Crypt Fiend | 1 |  | 
                43 total
 » upgrades
                
                | Ghoul Frenzy | 1 |  | 
| Destroyer Form | 1 |  | 
| Unholy Strength | 1 |  | 
| Web | 1 |  | 
| Creature Attack | 1 |  | 
| Creature Carapace | 0 |  | 
                5 total
 » buildings
                
                | Crypt | 1 |  | 
| Altar of Darkness | 1 |  | 
| Ziggurat | 10 |  | 
| Tomb of Relics | 2 |  | 
| Nerubian Tower | 2 |  | 
| Halls of the Dead | 2 |  | 
| Graveyard | 2 |  | 
| Black Citadel | 2 |  | 
| Slaughterhouse | 2 |  | 
| Necropolis | 2 |  | 
| Spirit Tower | 13 |  | 
                39 total
 » build order
                00:06 Crypt
00:09 Altar of Darkness
00:34 Ziggurat
00:59 Ziggurat
01:01 Ziggurat
01:22 Tomb of Relics
02:07 Nerubian Tower
02:07 Nerubian Tower
02:57 Halls of the Dead
02:57 Halls of the Dead
04:31 Graveyard
04:44 Graveyard
04:46 Ziggurat
05:29 Black Citadel
05:29 Black Citadel
06:47 Slaughterhouse
07:52 Ziggurat
12:14 Slaughterhouse
13:20 Necropolis
13:36 Necropolis
18:01 Ziggurat
18:02 Ziggurat
18:04 Ziggurat
18:06 Ziggurat
18:07 Ziggurat
18:41 Tomb of Relics
18:43 Spirit Tower
18:43 Spirit Tower
18:45 Spirit Tower
18:45 Spirit Tower
18:45 Spirit Tower
19:00 Spirit Tower
19:00 Spirit Tower
19:00 Spirit Tower
19:00 Spirit Tower
19:08 Spirit Tower
19:08 Spirit Tower
19:08 Spirit Tower
» items
                
                | Rod of Necromancy | 4 |  | 
| Boots of Speed | 2 |  | 
| Orb of Corruption | 4 |  | 
| Scroll of Healing | 1 |  | 
| Scroll of Town Portal | 3 |  | 
                14 total
  
                Chat log
          (00:06 / All) TALONSAREIMBA: sweet load
(00:14 / All) CJAYGETSTAIL: brb
(00:15 / All) TALONSAREIMBA: D
(00:34 / All) TALONSAREIMBA: what the fuck
(00:47 / All) CJAYGETSTAIL: hi
(00:51 / All) TALONSAREIMBA: Was that u
(00:56 / All) CJAYGETSTAIL: ?
(00:57 / All) CJAYGETSTAIL: huh
(00:58 / All) TALONSAREIMBA: nvm
(01:15 / All) TALONSAREIMBA: Thug Life
(01:17 / All) TALONSAREIMBA: Trife..
(01:41 / All) CJAYGETSTAIL: what
(01:50 / All) TALONSAREIMBA: U still any good
(01:56 / All) CJAYGETSTAIL: well see
(02:57 / All) TALONSAREIMBA: ..
(07:35 / All) CJAYGETSTAIL: br
(07:38 / All) TALONSAREIMBA: go
(10:59 / All) CJAYGETSTAIL: Raped.
(11:22 / All) CJAYGETSTAIL: stats believeinangels
(11:38 / All) TALONSAREIMBA: I walked away
(11:40 / All) TALONSAREIMBA: for like 1 sec
(12:35 / All) CJAYGETSTAIL: R u here?
(12:40 / All) TALONSAREIMBA: i am now lol
(17:01 / All) TALONSAREIMBA: Wow
(17:43 / All) CJAYGETSTAIL: nice 1 
(17:48 / All) TALONSAREIMBA: i guess
(24:25 / All) CJAYGETSTAIL: gg